 Dungeon Crawl Stone Soup version 0.30-a0-1016-gfb0d676c02 (webtiles) character file.

Game seed: 15510844886346779830

1105 ThatPearl the Chopper (level 8, -1/56 HPs)
             Began as an Octopode Fighter on Apr 7, 2023.
             Was a Follower of Elyvilon.
             Slain by an orc
             ... wielding a +0 dagger
              (3 damage)
             ... on level 6 of the Dungeon.
             The game lasted 00:13:11 (4660 turns).

ThatPearl the Chopper (Octopode Fighter)            Turns: 4660, Time: 00:13:12

Health: -1/56      AC:  1    Str: 15    XL:     8   Next: 32%
Magic:  9/9        EV: 14    Int: 13    God:    Elyvilon [*.....]
Gold:   163        SH:  6    Dex: 17    Spells: 7/7 levels left

rFire   . . .      SeeInvis .    a - +0 war axe
rCold   . . .      Faith    .    l - +0 buckler
rNeg    . . .      Spirit   .    (helmet restricted)
rPois   +          Reflect  .    (no amulet)
rElec   .          Rampage  .    g - ring of willpower
rCorr   +                        r - +6 ring of dexterity
Will    +....                    s - ring of poison resistance
Stlth   +++                      u - ring of resist corrosion
HPRegen 0.29/turn                (no ring)
MPRegen 0.11/turn                (no ring)
                                 (no ring)
                                 (no ring)

@: no status effects
A: almost no armour, amphibious, 8 rings, camouflage 1, gelatinous body 1,
(nimble swimmer 1), tentacles
a: Renounce Religion, Purification


You were on level 6 of the Dungeon.
You worshipped Elyvilon.
Elyvilon was aware of your devotion.
You visited 2 branches of the dungeon, and saw 7 of its levels.

You collected 323 gold pieces.
You spent 160 gold pieces at shops.

Inventory:

Hand Weapons
 a - a +0 war axe (weapon)
 b - a +2 sling of flaming
 t - a +4 short sword
 w - a +0 short sword of venom
Missiles
 y - 6 boomerangs
 A - 2 throwing nets
 B - 6 atropa-tipped darts
Armour
 l - a +0 buckler (worn)
Jewellery
 g - a ring of willpower (left tentacle)
 r - a +6 ring of dexterity (right tentacle)
 s - a ring of poison resistance (on tentacle)
 u - a ring of resist corrosion (on tentacle)
Wands
 c - a wand of flame (22)
Scrolls
 e - 4 scrolls of identify {unknown}
 f - 2 scrolls of teleportation {unknown}
 i - a scroll of blinking {unknown}
 n - a scroll of immolation {unknown}
 o - a scroll of noise {unknown}
 v - 2 scrolls of enchant armour {unknown}
 C - a scroll of fear {unknown}
Potions
 d - 2 potions of lignification {unknown}
 h - 2 potions of attraction {unknown}
 j - 5 potions of curing
 k - a potion of brilliance {unknown}
 m - 3 potions of haste {unknown}
 p - a potion of flight
 q - a potion of heal wounds
 x - 2 potions of degeneration {unknown}
 z - a potion of mutation {unknown}


   Skills:
 + Level 5.4 Fighting
 * Level 6.8 Axes
 - Level 3.0 Dodging
 + Level 5.5 Shields
 + Level 2.1 Invocations


You had 7 spell levels left.
You didn't know any spells.
Your spell library contained the following spells:

 Spells                   Type           Power      Damage    Failure   Level
 Poisonous Vapours        Pois/Air       0%         N/A       52%         2
 Mephitic Cloud           Conj/Pois/Air  0%         N/A       75%         3
 Stone Arrow              Conj/Erth      0%         3d7       75%         3
 Summon Guardian Golem    Hex/Summ       0%         N/A       75%         3
 Freezing Cloud           Conj/Ice/Air   0%         6-21      100%        5
 Orb of Destruction       Conj           0%         9d5       100%        7
 Spellforged Servitor     Conj/Summ      0%         N/A       100%        7
 Lehudib's Crystal Spear  Conj/Erth      0%         10d2      100%        8
 Animate Armour           Summ/Erth      Unusable   N/A       N/A         4

Dungeon Overview and Level Annotations

Branches:
Dungeon (6/15)             Temple (1/1) D:5

Altars:
Elyvilon
Kikubaaqudgha
Sif Muna

Shops:
D:3 !

Annotations:
D:3 exclusion: door
D:5 2 runed translucent doors, Crazy Yiuf; bmack86's ghost, novice MiFi


Innate Abilities, Weirdness & Mutations

You cannot wear most types of armour.
You are amphibious.
You can wear up to eight rings at the same time.
Your skin changes colour to match your surroundings (Stealth+).
Your rubbery body absorbs attacks. (AC +1, EV +1)
((You are camouflaged when in or above water. (Stealth+)))
You have tentacles for arms and can constrict up to eight enemies at once.


Message History

The steam dragon bites you. The steam dragon misses you.
You hit the steam dragon.
The steam dragon is heavily wounded.
The steam dragon breathes steam at you. The ball of steam hits you!!
* * * LOW HITPOINT WARNING * * *
An orc comes into view. It is wielding a +0 dagger.
You closely miss the steam dragon.
The steam dragon is heavily wounded.
You are engulfed in a cloud of scalding steam.
Elyvilon protects you from harm! The steam dragon closely misses you.
The steam dragon claws you.
* * * LOW HITPOINT WARNING * * *
An orc comes into view. It is wielding a +0 dagger.
You feel much better.
You are engulfed in a cloud of scalding steam.
* * * LOW HITPOINT WARNING * * *
The steam dragon barely misses you. The steam dragon closely misses you.
You closely miss the steam dragon. Your squeeze misses the steam dragon.
The steam dragon is heavily wounded.
You hit the orc but do no damage. You block the steam dragon's attack.
The steam dragon claws you.
* * * LOW HITPOINT WARNING * * *
You block the orc's attack. The orc closely misses you.
The steam dragon completely misses you. The steam dragon claws you.
* * * LOW HITPOINT WARNING * * *
You feel much better. The orc hits you with a +0 dagger.
The steam dragon breathes steam at you. The ball of steam hits you!
* * * LOW HITPOINT WARNING * * *
An orc wizard comes into view. It is wielding a +0 dagger.
Okay, then.
You slash the steam dragon!
Your tentacle-slap misses the steam dragon.
The steam dragon is severely wounded.
You barely miss the orc. You hit the orc.
You are engulfed in a cloud of scalding steam.
* * * LOW HITPOINT WARNING * * *
The orc hits you with a +0 dagger.
You die...

##...### ....#
##......## .....
.......<.## ......
####.#....# ......
##..#.#.# ......#
#...#.#.#
.......####.†....#
o.....oo..#......#
.....oD@§§§......#
..$.o.###.>......#
..... #..##.....#
.... #..........#
... .....##......#
..
................ .
........#........
........ .......


You could see a steam dragon (catching breath), an orc wizard and 4 orcs.

Vanquished Creatures
  Sigmund (D:3)
  Menkaure (D:4)
  Duvessa (D:4)
  Blork the orc (D:4)
  A scorpion (D:5)
  Dowan (D:4)
  A howler monkey (D:5)
  A jelly (D:5)
  An orc priest (D:3)
  2 iguanas (D:5)
  4 sleepcaps
  Natasha (thrice) (D:4)
  6 adders
  9 gnolls (D:5)
  A white imp (D:5)
  2 worms
  3 dart slugs
  6 orcs
  2 ball pythons
  6 bats
  4 endoplasms
  4 goblins
  8 hobgoblins
  13 kobolds
  3 quokkas
  2 frilled lizards (D:3)
  5 rats
92 creatures vanquished.

Vanquished Creatures (others)
  11 toadstools (D:3)
11 creatures vanquished.

Grand Total: 103 creatures vanquished

Notes
Turn   | Place    | Note
-------+----------+-------------------------------------------
     0 | D:1      | ThatPearl the Octopode Fighter began the quest for the Orb.
     0 | D:1      | Reached XP level 1. HP: 16/16 MP: 1/1
    87 | D:1      | Reached XP level 2. HP: 14/21 MP: 2/2
   582 | D:2      | Reached XP level 3. HP: 26/26 MP: 3/3
   597 | D:2      | Reached skill level 3 in Axes
  1068 | D:3      | Found Ifion's Distillery.
  1076 | D:3      | Bought a potion of curing for 30 gold pieces
  1076 | D:3      | Bought a potion of flight for 30 gold pieces
  1076 | D:3      | Bought 2 potions of heal wounds for 100 gold pieces
  1080 | D:3      | Noticed Sigmund
  1087 | D:3      | Killed Sigmund
  1088 | D:3      | Reached skill level 4 in Axes
  1088 | D:3      | Reached XP level 4. HP: 18/33 MP: 4/4
  1088 | D:3      | Reached XP level 5. HP: 20/37 MP: 5/5
  1559 | D:3      | Reached XP level 6. HP: 43/43 MP: 6/6
  1631 | D:3      | Found a shimmering blue altar of Sif Muna.
  2196 | D:4      | Noticed Menkaure
  2205 | D:4      | Killed Menkaure
  2206 | D:4      | Reached skill level 5 in Axes
  2212 | D:4      | Noticed Dowan
  2415 | D:4      | Found a white marble altar of Elyvilon.
  2527 | D:4      | Found an ancient bone altar of Kikubaaqudgha.
  2701 | D:4      | Noticed Natasha
  2706 | D:4      | Killed Natasha
  2707 | D:4      | Reached XP level 7. HP: 49/49 MP: 7/7
  2750 | D:4      | Became a worshipper of Elyvilon the Healer
  2814 | D:4      | Noticed Duvessa
  2817 | D:4      | Killed Dowan
  2823 | D:4      | Killed Duvessa
  2970 | D:4      | Noticed Blork the orc
  2973 | D:4      | Killed Blork the orc
  3021 | D:4      | Reached skill level 5 in Fighting
  3021 | D:4      | Reached skill level 6 in Axes
  3021 | D:4      | Reached skill level 5 in Shields
  3052 | D:4      | Noticed Natasha
  3068 | D:4      | Killed Natasha
  3190 | D:4      | Noticed Natasha
  3195 | D:4      | Killed Natasha
  3285 | D:5      | Entered Level 5 of the Dungeon
  3476 | D:5      | Reached skill level 1 in Invocations
  3476 | D:5      | Reached XP level 8. HP: 55/55 MP: 8/8
  3552 | D:5      | Reached * piety under Elyvilon
  3732 | D:5      | Found a runed translucent door.
  3732 | D:5      | Noticed bmack86's ghost (novice MiFi)
  4117 | D:5      | Found a runed translucent door.
  4118 | D:5      | Noticed Crazy Yiuf
  4315 | D:5      | Found a staircase to the Ecumenical Temple.
  4321 | Temple   | Entered the Ecumenical Temple
  4656 | D:6      | Elyvilon protects you from harm!
  4660 | D:6      | HP: 2/56 [steam dragon] (9)]
  4660 | D:6      | Slain by an orc

Illustrated notes

Levels and vault maps discovered:
D:1:      nicolae_arrival_memento_mori, layout_rooms
D:2:      layout_rooms
D:3:      cheibrodos_fertilizer, layout_loops_ring, lemuel_blue_sif_altar,
          serial_shops, nicolae_shop_crystal, uniq_sigmund
D:4:      layout_basic, lemuel_tele_altar, mainiacjoe_overflow_tiny_flanked,
          uniq_menkaure, uniq_natasha, uniq_duvessa, uniq_blork_the_orc
D:5:      layout_loops_corners, minmay_temple_entry_fiery,
          gammafunk_ghost_grave, minmay_misc_feat_x,
          hangedman_abyss_or_decor_lesser_grid, glass_columns_b,
          uniq_crazy_yiuf_cottage
D:6:      layout_cave_pools, marbit_many_paths,
          nicolae_yredelemnul_ghost_church, minmay_hollow_rounded_squares
Temple:   minmay_temple_curvy_branch

Skill      XL: |  1  2  3  4  5  6  7  8 |
---------------+-------------------------+-----
Axes           | 4 5 6 |  6.8
Fighting       | 4 5 |  5.4
Shields        | 4 5 |  5.5
Invocations    | 1 2 |  2.1
Dodging        | |  3.0

Action                     |  1- 3 |  4- 6 |  7- 9 || total
---------------------------+-------+-------+-------++-------
  Melee: War axe           |    44 |    59 |    72 ||   175
         Constrict         |    13 |    14 |    23 ||    50
         Tentacles         |     7 |     9 |    27 ||    43
   Fire: Sling             |     2 |       |       ||     2
    Use: Potion            |       |       |     4 ||     4
   Stab: Sleeping          |     5 |     4 |     9 ||    18
 Armour: Skin              |     8 |     4 |     1 ||    13
  Dodge: Dodged            |    36 |    32 |    27 ||    95
  Block: Buckler           |    11 |    13 |    16 ||    40

Table legend: (Time is in decaauts)
 A = Elapsed time spent in this place.
 B = Non-inter-level travel time spent in this place.
 C = Inter-level travel time spent in this place.
 D = Time resting spent in this place.
 E = Time spent auto-exploring this place.
 F = Levels seen in this place.
 G = Mean time per level.
                   A        B        C        D        E       F      G
               +--------+--------+--------+--------+--------+-----+--------+
         Total |   4708 |   4480 |    228 |    147 |   3405 |   7 |  672.6 |
       Dungeon |   4706 |   4478 |    228 |    147 |   3405 |   6 |  784.3 |
        Temple |      1 |      1 |      0 |      0 |      0 |   1 |    1.0 |
               +--------+--------+--------+--------+--------+-----+--------+

Top non-repeatable levels by time:
     D:5: 1362 daAuts
     D:4: 1198 daAuts
     D:3: 1049 daAuts
     D:1: 545 daAuts
     D:2: 530 daAuts
     D:6: 21 daAuts
  Temple: 1 daAuts
